WCHLSIM.com - West Coast Hockey League
Dernière mise à jour: 2026-03-20 08:29:49
html PUBLIC "-//W3C//DTD XHTML 1.0 Transitional//EN" "http://www.w3.org/TR/xhtml1/DTD/xhtml1-transitional.dtd"> WCHL - Game 94 - SALEM BLACK JAYS vs COLORADO GLACIERCATS

SALEM BLACK JAYS vs COLORADO GLACIERCATS

Created - 21 octobre 2025 at 22:53

Goals
1 2 3 OT1 T
SALEM BLACK JAYS 2 2 0 0 4
COLORADO GLACIERCATS 2 2 0 1 5
Shots
1 2 3 OT1 T
SALEM BLACK JAYS 7 8 6 0 21
COLORADO GLACIERCATS 16 7 11 2 36

1st period

1. COLORADO GLACIERCATS , Tage Thompson 5 (Tomas Hertl 5, Mats Zuccarello 7) at 7:49 (PP)
2. SALEM BLACK JAYS , Kirill Kaprizov 2 (Mikko Rantanen 4, Dylan Larkin 3) at 8:08
3. COLORADO GLACIERCATS , Tomas Hertl 4 (Tage Thompson 4, Rasmus Andersson 3) at 13:04 (PP)
4. SALEM BLACK JAYS , Dylan Larkin 2 (Kirill Kaprizov 3) at 18:12

Penalties :
Blake Coleman (SAL) for Interference (Minor) at 6:14, Blake Coleman (SAL) for Hooking (Minor) at 11:47

2nd period

5. COLORADO GLACIERCATS , Leon Draisaitl 5 (Bryan Rust 9, Tomas Hertl 6) at 4:33
6. SALEM BLACK JAYS , Cole Smith 1 (Theodor Blueger 1, Joshua Morrissey 3) at 7:31
7. COLORADO GLACIERCATS , Bryan Rust 2 (Leon Draisaitl 7, Tomas Hertl 7) at 13:48
8. SALEM BLACK JAYS , Kirill Kaprizov 3 (Dylan Cozens 3) at 16:02 (PP)

Penalties :
Jamie Oleksiak (COL) for Hooking (Minor) at 15:51, Keegan Kolesar (COL) for Fighting (Major) at 19:18, Dylan Cozens (SAL) for Fighting (Major) at 19:18, Dylan Cozens (SAL) for instigated a fight (Game Misconduct) at 19:18

3rd period

No Goal

Penalties :
Colton Parayko (SAL) for Hooking (Minor) at 8:05

Overtime #1

9. COLORADO GLACIERCATS , Lane Hutson 1 (Sidney Crosby 5) at 0:24

Penalties :
No Penalty

Goalie Stats

Juuse Saros (SAL), 31 saves from 36 shots - (0,861), OTL, 3-2-1, 60:25 minutes
Andrei Vasilevskiy (COL), 17 saves from 21 shots - (0,810), W, 5-1-0, 60:25 minutes

Players Stats for SALEM BLACK JAYS

Player Name              G  A  P  +/- PIM S  H  SB GA TA FO     MP     PP MP  PK MP  
------------------------------------------------------------------------------------
Barrett Hayton           0  0  0   0  0   0  0  1  0  0  4/10   13:47   0:11   2:16 
Blake Coleman            0  0  0  -1  4   1  0  0  0  0  0/7    20:55   0:00   3:01 
Cody Ceci                0  0  0   1  0   0  4  1  0  0  0/0    20:13   0:00   3:37 
Cole Smith               1  0  1   0  0   1  0  0  0  0  1/1     5:59   0:00   0:00 
Colton Parayko           0  0  0  -2  2   0  2  1  0  0  0/0    23:38   0:11   2:08 
Danton Heinen            0  0  0   0  0   0  0  1  0  0  0/0    11:20   0:00   0:00 
Dylan Cozens             0  1  1  -1  17  1  2  1  0  0  6/19   14:19   0:11   1:33 
Dylan Larkin             1  1  2   2  0   4  0  0  0  0  8/16   19:29   0:00   0:10 
Jan Rutta                0  0  0   1  0   1  3  2  0  0  0/0    15:28   0:00   0:00 
Joshua Morrissey         0  1  1   1  0   1  1  1  0  0  0/0    21:54   0:00   3:37 
Kirill Kaprizov          2  1  3   1  0   3  3  0  0  0  0/1    18:20   0:11   0:00 
Martin Necas             0  0  0  -1  0   4  0  0  0  0  0/1    21:30   0:00   3:34 
Mathew Barzal            0  0  0   0  0   2  1  0  0  0  0/6    15:05   0:00   0:00 
Matthew Grzelcyk         0  0  0  -1  0   0  1  3  0  0  0/0    22:38   0:11   3:13 
Mikko Rantanen           0  1  1   1  0   3  1  0  0  0  3/5    18:09   0:00   0:00 
Patrick Maroon           0  0  0   0  0   0  1  0  0  0  0/0     6:49   0:00   0:50 
Theodor Blueger          0  1  1   0  0   0  0  0  0  0  2/7     8:15   0:00   2:16 
Urho Vaakanainen         0  0  0   1  0   0  0  0  0  0  0/0    16:33   0:00   1:05 

Players Stats for COLORADO GLACIERCATS

Player Name              G  A  P  +/- PIM S  H  SB GA TA FO     MP     PP MP  PK MP  
------------------------------------------------------------------------------------
Alexander Wennberg       0  0  0  -1  0   1  0  0  0  0  6/13   16:41   0:00   0:07 
Bryan Rust               1  1  2   2  0   6  2  0  0  0  0/0    21:18   4:13   0:00 
Christian Dvorak         0  0  0  -1  0   0  0  0  0  0  1/2     3:27   0:00   0:04 
Corey Perry              0  0  0  -1  0   0  0  0  0  0  0/0     3:23   0:00   0:00 
Devon Toews              0  0  0   1  0   1  0  0  0  0  0/0    23:44   3:37   0:00 
Dylan Samberg            0  0  0  -1  0   0  0  2  0  0  0/0    17:16   0:00   0:00 
Erik Karlsson            0  0  0  -1  0   1  1  0  0  0  0/0    19:24   3:37   0:11 
Jamie Benn               0  0  0  -1  0   0  1  0  0  0  1/2    16:38   0:00   0:04 
Jamie Oleksiak           0  0  0  -1  2   0  0  0  0  0  0/0    17:15   0:00   0:00 
Keegan Kolesar           0  0  0  -1  5   0  0  0  0  0  0/0    14:58   0:00   0:00 
Lane Hutson              1  0  1   2  0   2  0  1  0  0  0/0    21:14   3:13   0:00 
Leon Draisaitl           1  1  2   3  0   3  0  0  0  0  16/21  22:29   4:13   0:00 
Mats Zuccarello          0  1  1  -1  0   6  1  0  0  0  0/1    18:34   2:37   0:00 
Rasmus Andersson         0  1  1  -1  0   1  0  1  0  0  0/0    21:31   3:13   0:11 
Sidney Crosby            0  1  1  -1  0   9  2  1  0  0  19/26  23:58   4:13   0:00 
Tage Thompson            1  1  2  -1  0   3  1  0  0  0  2/2    18:34   2:37   0:00 
Tomas Hertl              1  3  4   2  0   3  1  0  0  0  4/6    20:38   2:37   0:07 
Uvis Balinskis           0  0  0   0  0   0  0  0  0  0  0/0     0:00   0:00   0:00 

3 Stars

1 - Tomas Hertl (COL)
2 - Kirill Kaprizov (SAL)
3 - Bryan Rust (COL)

Power Play

SALEM BLACK JAYS - 1 on 1 Attempt(s) - 100,00%
COLORADO GLACIERCATS - 2 on 4 Attempt(s) - 50,00%

Penalty Kill

SALEM BLACK JAYS - 2 on 4 Attempt(s) - 50,00% - Score 0 goal in Penalty Kill
COLORADO GLACIERCATS - 0 on 1 Attempt(s) - 0,00% - Score 0 goal in Penalty Kill

Team Stat

SALEM BLACK JAYS - Hits : 19 - Faceoff Wins : 24 - Blocked Shots : 11 - Penalty Minutes : 23
COLORADO GLACIERCATS - Hits : 9 - Faceoff Wins : 49 - Blocked Shots : 5 - Penalty Minutes : 7

Official

Referees : Brad Meier and Brian Pochmara
Linesman : Jaime Alary and Kory Nagy

Game Notes

Keegan Kolesar and Dylan Cozens fight to a draw at 19:18 of 2nd period
Dylan Cozens (SAL) for instigated a fight (Game Misconduct) at 19:18
Dylan Cozens ejected from game at 19:18 of 2nd period

Finance

Level 1 -- Attendance: 8530 (98,05%) -- Ticket Income 1 364 800 $
Level 2 -- Attendance: 5104 (85,07%) -- Ticket Income 638 000 $
Level 3 -- Attendance: 1870 (62,33%) -- Ticket Income 231 880 $
Level 4 -- Attendance: 4249 (84,98%) -- Ticket Income 297 430 $
Luxury Box -- Attendance: 1291 (80,69%) -- Ticket Income 322 750 $
Game was played at the GC Place.
Total Attendance: 21044 (86,60%)
Total Ticket Income: 2 854 860 $
Other Expense: 28 549 $
Total Income: 2 826 311 $

SALEM BLACK JAYS

5 vs 5 Forward 
   Center                   Left Wing                Right Wing               Time % Phy DF OF 
 1 Dylan Larkin             Mikko Rantanen           Kirill Kaprizov          36     1   0  4  
 2 Dylan Cozens             Blake Coleman            Martin Necas             36     1   2  2  
 3 Barrett Hayton           Danton Heinen            Mathew Barzal            21     1   2  2  
 4 Theodor Blueger          Cole Smith               Patrick Maroon           7      1   2  2  

5 vs 5 Defense 
   Defense                  Defense                                           Time % Phy DF OF 
 1 Colton Parayko           Matthew Grzelcyk                                  40     1   2  2  
 2 Joshua Morrissey         Cody Ceci                                         31     1   2  2  
 3 Urho Vaakanainen         Jan Rutta                                         23     1   3  1  
 4 Colton Parayko           Joshua Morrissey                                  6      1   2  2  

PowerPlay Forward 
   Center                   Left Wing                Right Wing               Time % Phy DF OF 
 1 Dylan Larkin             Mikko Rantanen           Martin Necas             55     1   0  4  
 2 Dylan Cozens             Barrett Hayton           Kirill Kaprizov          45     1   0  4  

PowerPlay Defense
   Defense                  Defense                                           Time % Phy DF OF 
 1 Joshua Morrissey         Urho Vaakanainen                                  55     1   0  4  
 2 Matthew Grzelcyk         Colton Parayko                                    45     1   0  4  

Penalty Kill 4 Players Forward 
   Center                   Wing                     Time % Phy DF OF 
 1 Blake Coleman            Dylan Cozens             55     1   2  2  
 2 Theodor Blueger          Barrett Hayton           45     1   2  2  

Penalty Kill 4 Players Defense
   Defense                  Defense                  Time % Phy DF OF 
 1 Joshua Morrissey         Cody Ceci                55     1   2  2  
 2 Colton Parayko           Matthew Grzelcyk         45     1   2  2  

Penalty Kill - 3 Players Forward 
   Forward                                           Time % Phy DF OF 
 1 Blake Coleman                                     55     1   3  1  
 2 Barrett Hayton                                    45     1   3  1  

Penalty Kill - 3 Players Defense
   Defense                  Defense                  Time % Phy DF OF 
 1 Joshua Morrissey         Cody Ceci                55     1   3  1  
 2 Colton Parayko           Matthew Grzelcyk         45     1   3  1  

4 vs 4 Forward 
   Center                   Wing                     Time % Phy DF OF 
 1 Dylan Larkin             Kirill Kaprizov          55     1   2  2  
 2 Mikko Rantanen           Martin Necas             45     1   2  2  

4 vs 4 Defense
   Defense                  Defense                  Time % Phy DF OF 
 1 Colton Parayko           Matthew Grzelcyk         55     1   2  2  
 2 Joshua Morrissey         Cody Ceci                45     1   2  2  

Last Minutes Offensive
   Center                   Left Wing                Right Wing               Defense                  Defense                  
   Dylan Larkin             Kirill Kaprizov          Mikko Rantanen           Joshua Morrissey         Colton Parayko           

Last Minutes Defensive
   Center                   Left Wing                Right Wing               Defense                  Defense                  
   Dylan Larkin             Kirill Kaprizov          Mikko Rantanen           Joshua Morrissey         Colton Parayko           

Goaltenders
Starting : Juuse Saros              
Backup : Alex Nedeljkovic         

Extra Forwards
Normal : Mathew Barzal, Danton Heinen, Blake Coleman - PP : Blake Coleman, Danton Heinen - PK : Martin Necas
Extra Defensemen
Normal : Matthew Grzelcyk, Joshua Morrissey, Colton Parayko - PP : Joshua Morrissey - PK : Colton Parayko, Urho Vaakanainen
Penalty Shots
Kirill Kaprizov, Mikko Rantanen, Martin Necas, Dylan Larkin, Barrett Hayton
Custom OT Lines Forwards
Kirill Kaprizov, Mikko Rantanen, Dylan Larkin, Martin Necas, Dylan Cozens, Blake Coleman, Barrett Hayton, Mathew Barzal, Danton Heinen, Theodor Blueger
Custom OT Lines Defensemen
Colton Parayko, Joshua Morrissey, Matthew Grzelcyk, Cody Ceci, Urho Vaakanainen

Scratches
Nicklaus Perbix (Healthy)

COLORADO GLACIERCATS

5 vs 5 Forward 
   Center                   Left Wing                Right Wing               Time % Phy DF OF 
 1 Leon Draisaitl           Tomas Hertl              Bryan Rust               38     0   1  4  
 2 Sidney Crosby            Mats Zuccarello          Tage Thompson            36     0   1  4  
 3 Alexander Wennberg       Jamie Benn               Keegan Kolesar           20     0   1  4  
 4 Sidney Crosby            Christian Dvorak         Corey Perry              6      0   2  3  

5 vs 5 Defense 
   Defense                  Defense                                           Time % Phy DF OF 
 1 Lane Hutson              Devon Toews                                       36     0   1  4  
 2 Erik Karlsson            Rasmus Andersson                                  31     0   2  3  
 3 Jamie Oleksiak           Dylan Samberg                                     23     0   2  3  
 4 Devon Toews              Rasmus Andersson                                  10     0   2  3  

PowerPlay Forward 
   Center                   Left Wing                Right Wing               Time % Phy DF OF 
 1 Sidney Crosby            Leon Draisaitl           Bryan Rust               57     0   1  4  
 2 Tomas Hertl              Tage Thompson            Mats Zuccarello          43     1   1  3  

PowerPlay Defense
   Defense                  Defense                                           Time % Phy DF OF 
 1 Lane Hutson              Rasmus Andersson                                  50     0   1  4  
 2 Erik Karlsson            Devon Toews                                       50     1   1  3  

Penalty Kill 4 Players Forward 
   Center                   Wing                     Time % Phy DF OF 
 1 Christian Dvorak         Jamie Benn               50     0   4  1  
 2 Alexander Wennberg       Tomas Hertl              50     0   4  1  

Penalty Kill 4 Players Defense
   Defense                  Defense                  Time % Phy DF OF 
 1 Dylan Samberg            Devon Toews              50     0   5  0  
 2 Rasmus Andersson         Jamie Oleksiak           50     0   5  0  

Penalty Kill - 3 Players Forward 
   Forward                                           Time % Phy DF OF 
 1 Christian Dvorak                                  50     0   5  0  
 2 Alexander Wennberg                                50     0   5  0  

Penalty Kill - 3 Players Defense
   Defense                  Defense                  Time % Phy DF OF 
 1 Jamie Oleksiak           Rasmus Andersson         50     0   5  0  
 2 Devon Toews              Dylan Samberg            50     0   5  0  

4 vs 4 Forward 
   Center                   Wing                     Time % Phy DF OF 
 1 Tage Thompson            Leon Draisaitl           50     0   1  4  
 2 Sidney Crosby            Tomas Hertl              50     0   1  4  

4 vs 4 Defense
   Defense                  Defense                  Time % Phy DF OF 
 1 Erik Karlsson            Rasmus Andersson         50     0   2  3  
 2 Devon Toews              Lane Hutson              50     0   2  3  

Last Minutes Offensive
   Center                   Left Wing                Right Wing               Defense                  Defense                  
   Sidney Crosby            Tomas Hertl              Leon Draisaitl           Erik Karlsson            Lane Hutson              

Last Minutes Defensive
   Center                   Left Wing                Right Wing               Defense                  Defense                  
   Alexander Wennberg       Tomas Hertl              Leon Draisaitl           Dylan Samberg            Devon Toews              

Goaltenders
Starting : Andrei Vasilevskiy       
Backup : David Rittich            

Extra Forwards
Normal : Leon Draisaitl, Sidney Crosby, Tomas Hertl - PP : Tage Thompson, Jamie Benn - PK : Keegan Kolesar
Extra Defensemen
Normal : Uvis Balinskis, Dylan Samberg, Lane Hutson - PP : Lane Hutson - PK : Erik Karlsson, Dylan Samberg
Penalty Shots
Sidney Crosby, Leon Draisaitl, Tage Thompson, Tomas Hertl, Bryan Rust
Custom OT Lines Forwards
Leon Draisaitl, Sidney Crosby, Tomas Hertl, Bryan Rust, Tage Thompson, Jamie Benn, Mats Zuccarello, Alexander Wennberg, Keegan Kolesar, Christian Dvorak
Custom OT Lines Defensemen
Lane Hutson, Devon Toews, Rasmus Andersson, Erik Karlsson, Dylan Samberg

Scratches
None


% Time on Ice - SALEM BLACK JAYS

Lines # - Real PCT - Wanted PCT - Time Play
Normal Forward
1 - 33% - 36% - 17:44
2 - 34% - 36% - 17:56
3 - 21% - 21% - 11:20
4 - 11% - 7% - 5:59
Normal Defense
1 - 36% - 40% - 19:14
2 - 31% - 31% - 16:36
3 - 29% - 23% - 15:28
4 - 3% - 6% - 1:41
PP Forward
1 - 0% - 55% - 0:00
2 - 100% - 45% - 0:11
PP Defense
1 - 0% - 55% - 0:00
2 - 100% - 45% - 0:11
PK Forward
1 - 67% - 55% - 4:34
2 - 33% - 45% - 2:16
PK Defense
1 - 53% - 55% - 3:37
2 - 47% - 45% - 3:13
PK3 Forward
1 - 0% - 55%
2 - 0% - 45%
PK3 Defense
1 - 0% - 55%
2 - 0% - 45%
44 Forward
1 - 0% - 55%
2 - 0% - 45%
44 Defense
1 - 0% - 55%
2 - 0% - 45%
Last Minute Offensive  - 0:00
Last Minute Defensive  - 0:00
Total
Forward - 60:00
Defense - 60:00

% Time on Ice - COLORADO GLACIERCATS

Lines # - Real PCT - Wanted PCT - Time Play
Normal Forward
1 - 32% - 38% - 17:05
2 - 30% - 36% - 15:57
3 - 31% - 20% - 16:34
4 - 6% - 6% - 3:23
Normal Defense
1 - 33% - 36% - 17:36
2 - 29% - 31% - 15:36
3 - 33% - 23% - 17:16
4 - 5% - 10% - 2:31
PP Forward
1 - 62% - 57% - 4:13
2 - 38% - 43% - 2:37
PP Defense
1 - 47% - 50% - 3:13
2 - 53% - 50% - 3:37
PK Forward
1 - 36% - 50% - 0:04
2 - 64% - 50% - 0:07
PK Defense
1 - 0% - 50% - 0:00
2 - 100% - 50% - 0:11
PK3 Forward
1 - 0% - 50%
2 - 0% - 50%
PK3 Defense
1 - 0% - 50%
2 - 0% - 50%
44 Forward
1 - 0% - 50%
2 - 0% - 50%
44 Defense
1 - 0% - 50%
2 - 0% - 50%
Last Minute Offensive  - 0:00
Last Minute Defensive  - 0:00
Total
Forward - 60:00
Defense - 60:00

Play-by-Play

1st period


0:01 of 1st period - Mikko Rantanen wins face-off versus Leon Draisaitl in neutral zone.
0:30 of 1st period - Shot by Bryan Rust.
0:30 of 1st period - Shot Misses the Net.
1:16 of 1st period - Shot by Sidney Crosby.
1:16 of 1st period - Stopped by Juuse Saros with a rebound.
1:18 of 1st period - Shot by Rasmus Andersson.
1:18 of 1st period - Shot Blocked by Cody Ceci.
1:20 of 1st period - Shot by Mats Zuccarello.
1:20 of 1st period - Stopped by Juuse Saros without a rebound.
1:21 of 1st period - Jamie Benn wins face-off versus Barrett Hayton in SALEM BLACK JAYS zone.
1:22 of 1st period - Shot by Alexander Wennberg.
1:22 of 1st period - Deflect By Jamie Benn.
1:22 of 1st period - Shot Blocked by Jan Rutta.
1:25 of 1st period - Icing by Urho Vaakanainen.
1:26 of 1st period - Sidney Crosby wins face-off versus Mathew Barzal in SALEM BLACK JAYS zone.
1:58 of 1st period - Shot by Mats Zuccarello.
1:58 of 1st period - Shot Misses the Net.
2:05 of 1st period - Off-side.
2:06 of 1st period - Alexander Wennberg wins face-off versus Dylan Cozens in neutral zone.
2:10 of 1st period - Erik Karlsson is hit by Cody Ceci and loses puck.
2:41 of 1st period - Jamie Benn is hit by Dylan Cozens and loses puck.
3:11 of 1st period - Shot by Bryan Rust.
3:11 of 1st period - Stopped by Juuse Saros without a rebound.
3:12 of 1st period - Mikko Rantanen wins face-off versus Sidney Crosby in SALEM BLACK JAYS zone.
3:38 of 1st period - Off-side.
3:39 of 1st period - Theodor Blueger wins face-off versus Leon Draisaitl in neutral zone.
3:42 of 1st period - Rasmus Andersson is hit by Patrick Maroon and loses puck.
3:51 of 1st period - Shot by Cole Smith.
3:51 of 1st period - Shot Blocked by Rasmus Andersson.
4:05 of 1st period - Shot by Leon Draisaitl.
4:05 of 1st period - Shot Misses the Net.
4:17 of 1st period - Leon Draisaitl is hit by Jan Rutta and loses puck.
4:20 of 1st period - Shot by Bryan Rust.
4:20 of 1st period - Stopped by Juuse Saros without a rebound.
4:21 of 1st period - Christian Dvorak wins face-off versus Dylan Larkin in SALEM BLACK JAYS zone.
4:21 of 1st period - Christian Dvorak is hit by Colton Parayko.
4:45 of 1st period - Shot by Sidney Crosby.
4:45 of 1st period - Stopped by Juuse Saros with a rebound.
4:51 of 1st period - Shot by Sidney Crosby.
4:51 of 1st period - Stopped by Juuse Saros without a rebound.
4:52 of 1st period - Alexander Wennberg wins face-off versus Mathew Barzal in SALEM BLACK JAYS zone.
5:03 of 1st period - Shot by Barrett Hayton.
5:03 of 1st period - Shot Misses the Net.
5:33 of 1st period - Shot by Jamie Benn.
5:33 of 1st period - Shot Misses the Net.
5:35 of 1st period - Shot by Lane Hutson.
5:35 of 1st period - Stopped by Juuse Saros without a rebound.
5:36 of 1st period - Tage Thompson wins face-off versus Dylan Cozens in SALEM BLACK JAYS zone.
5:37 of 1st period - Shot by Mats Zuccarello.
5:37 of 1st period - Stopped by Juuse Saros without a rebound.
5:38 of 1st period - Sidney Crosby wins face-off versus Dylan Cozens in SALEM BLACK JAYS zone.
6:14 of 1st period - Minor Penalty to Blake Coleman for Interference.
6:15 of 1st period - Sidney Crosby wins face-off versus Theodor Blueger in SALEM BLACK JAYS zone.
6:40 of 1st period - Shot by Lane Hutson.
6:40 of 1st period - Shot Blocked by Dylan Cozens.
6:44 of 1st period - Shot by Sidney Crosby.
6:44 of 1st period - Shot Misses the Net.
6:46 of 1st period - Shot by Bryan Rust.
6:46 of 1st period - Shot Misses the Net.
6:48 of 1st period - Shot by Rasmus Andersson.
6:48 of 1st period - Shot Misses the Net.
7:49 of 1st period - Shot by Tomas Hertl.
7:49 of 1st period - Deflect By Tage Thompson.
7:49 of 1st period - Goal by Tage Thompson - SALEM BLACK JAYS : 0 - COLORADO GLACIERCATS : 1.
7:50 of 1st period - Dylan Larkin wins face-off versus Alexander Wennberg in neutral zone.
8:02 of 1st period - Shot by Dylan Larkin.
8:02 of 1st period - Stopped by Andrei Vasilevskiy with a rebound.
8:04 of 1st period - Shot by Dylan Larkin.
8:04 of 1st period - Shot Misses the Net.
8:06 of 1st period - Shot by Mikko Rantanen.
8:06 of 1st period - Stopped by Andrei Vasilevskiy with a rebound.
8:08 of 1st period - Shot by Mikko Rantanen.
8:08 of 1st period - Deflect By Kirill Kaprizov.
8:08 of 1st period - Goal by Kirill Kaprizov - SALEM BLACK JAYS : 1 - COLORADO GLACIERCATS : 1.
8:09 of 1st period - Dylan Cozens wins face-off versus Leon Draisaitl in neutral zone.
8:41 of 1st period - Icing by Devon Toews.
8:42 of 1st period - Dylan Larkin wins face-off versus Leon Draisaitl in COLORADO GLACIERCATS zone.
8:51 of 1st period - Shot by Mikko Rantanen.
8:51 of 1st period - Stopped by Andrei Vasilevskiy without a rebound.
8:52 of 1st period - Dylan Larkin wins face-off versus Sidney Crosby in COLORADO GLACIERCATS zone.
9:07 of 1st period - Shot by Tage Thompson.
9:07 of 1st period - Shot Blocked by Colton Parayko.
9:14 of 1st period - Icing by Erik Karlsson.
9:15 of 1st period - Sidney Crosby wins face-off versus Dylan Cozens in COLORADO GLACIERCATS zone.
9:15 of 1st period - Sidney Crosby is hit by Dylan Cozens.
9:48 of 1st period - Mats Zuccarello is hit by Jan Rutta and loses puck.
10:07 of 1st period - Icing by Urho Vaakanainen.
10:08 of 1st period - Dylan Cozens wins face-off versus Tomas Hertl in SALEM BLACK JAYS zone.
10:49 of 1st period - Matthew Grzelcyk is hit by Bryan Rust and loses puck.
11:33 of 1st period - Icing by Joshua Morrissey.
11:34 of 1st period - Sidney Crosby wins face-off versus Barrett Hayton in SALEM BLACK JAYS zone.
11:34 of 1st period - Sidney Crosby is hit by Cody Ceci.
11:36 of 1st period - Shot by Tage Thompson.
11:36 of 1st period - Stopped by Juuse Saros without a rebound.
11:37 of 1st period - Dylan Cozens wins face-off versus Mats Zuccarello in SALEM BLACK JAYS zone.
11:39 of 1st period - Joshua Morrissey is hit by Tage Thompson and loses puck.
11:47 of 1st period - Minor Penalty to Blake Coleman for Hooking.
11:48 of 1st period - Sidney Crosby wins face-off versus Martin Necas in SALEM BLACK JAYS zone.
12:30 of 1st period - Shot by Erik Karlsson.
12:30 of 1st period - Stopped by Juuse Saros with a rebound.
12:32 of 1st period - Shot by Devon Toews.
12:32 of 1st period - Shot Blocked by Joshua Morrissey.
12:34 of 1st period - Shot by Bryan Rust.
12:34 of 1st period - Stopped by Juuse Saros without a rebound.
12:35 of 1st period - Theodor Blueger wins face-off versus Tomas Hertl in SALEM BLACK JAYS zone.
13:00 of 1st period - Shot by Lane Hutson.
13:00 of 1st period - Shot Misses the Net.
13:02 of 1st period - Shot by Rasmus Andersson.
13:02 of 1st period - Deflect By Tage Thompson.
13:02 of 1st period - Shot Misses the Net.
13:04 of 1st period - Shot by Tomas Hertl.
13:04 of 1st period - Goal by Tomas Hertl - SALEM BLACK JAYS : 1 - COLORADO GLACIERCATS : 2.
13:05 of 1st period - Dylan Larkin wins face-off versus Alexander Wennberg in neutral zone.
13:35 of 1st period - Icing by Jamie Oleksiak.
13:36 of 1st period - Barrett Hayton wins face-off versus Alexander Wennberg in COLORADO GLACIERCATS zone.
13:50 of 1st period - Shot by Jamie Benn.
13:50 of 1st period - Shot Misses the Net.
14:33 of 1st period - Shot by Joshua Morrissey.
14:33 of 1st period - Stopped by Andrei Vasilevskiy with a rebound.
14:35 of 1st period - Shot by Cody Ceci.
14:35 of 1st period - Shot Blocked by Dylan Samberg.
15:18 of 1st period - Joshua Morrissey is hit by Jamie Benn.
15:27 of 1st period - Off-side.
15:28 of 1st period - Mikko Rantanen wins face-off versus Sidney Crosby in neutral zone.
15:33 of 1st period - Urho Vaakanainen is hit by Mats Zuccarello and loses puck.
16:12 of 1st period - Shot by Mats Zuccarello.
16:12 of 1st period - Stopped by Juuse Saros without a rebound.
16:13 of 1st period - Leon Draisaitl wins face-off versus Barrett Hayton in SALEM BLACK JAYS zone.
16:16 of 1st period - Shot by Leon Draisaitl.
16:16 of 1st period - Shot Misses the Net.
16:18 of 1st period - Shot by Bryan Rust.
16:18 of 1st period - Stopped by Juuse Saros without a rebound.
16:19 of 1st period - Leon Draisaitl wins face-off versus Barrett Hayton in SALEM BLACK JAYS zone.
17:46 of 1st period - Shot by Mats Zuccarello.
17:46 of 1st period - Stopped by Juuse Saros without a rebound.
17:47 of 1st period - Sidney Crosby wins face-off versus Dylan Larkin in SALEM BLACK JAYS zone.
18:00 of 1st period - Devon Toews is hit by Kirill Kaprizov.
18:10 of 1st period - Shot by Dylan Larkin.
18:10 of 1st period - Stopped by Andrei Vasilevskiy with a rebound.
18:12 of 1st period - Shot by Dylan Larkin.
18:12 of 1st period - Goal by Dylan Larkin - SALEM BLACK JAYS : 2 - COLORADO GLACIERCATS : 2.
18:13 of 1st period - Leon Draisaitl wins face-off versus Dylan Cozens in neutral zone.
18:19 of 1st period - Icing by Dylan Cozens.
18:20 of 1st period - Leon Draisaitl wins face-off versus Blake Coleman in SALEM BLACK JAYS zone.
19:33 of 1st period - Dylan Larkin is hit by Sidney Crosby and loses puck.
Goals for this period are 2 for SALEM BLACK JAYS vs 2 for COLORADO GLACIERCATS.
Shots for this period are 7 for SALEM BLACK JAYS vs 16 for COLORADO GLACIERCATS.

2nd period


0:01 of 2nd period - Dylan Cozens wins face-off versus Sidney Crosby in neutral zone.
0:59 of 2nd period - Sidney Crosby is hit by Cody Ceci and loses puck.
3:11 of 2nd period - Off-side.
3:12 of 2nd period - Leon Draisaitl wins face-off versus Dylan Cozens in neutral zone.
3:35 of 2nd period - Shot by Martin Necas.
3:35 of 2nd period - Stopped by Andrei Vasilevskiy without a rebound.
3:36 of 2nd period - Sidney Crosby wins face-off versus Dylan Larkin in COLORADO GLACIERCATS zone.
3:49 of 2nd period - Shot by Mats Zuccarello.
3:49 of 2nd period - Shot Misses the Net.
3:51 of 2nd period - Shot by Sidney Crosby.
3:51 of 2nd period - Shot Misses the Net.
4:11 of 2nd period - Mats Zuccarello is hit by Mikko Rantanen.
4:15 of 2nd period - Shot by Mats Zuccarello.
4:15 of 2nd period - Deflect By Sidney Crosby.
4:15 of 2nd period - Stopped by Juuse Saros without a rebound.
4:16 of 2nd period - Leon Draisaitl wins face-off versus Dylan Cozens in SALEM BLACK JAYS zone.
4:17 of 2nd period - Shot by Bryan Rust.
4:17 of 2nd period - Stopped by Juuse Saros without a rebound.
4:18 of 2nd period - Leon Draisaitl wins face-off versus Dylan Cozens in SALEM BLACK JAYS zone.
4:33 of 2nd period - Shot by Leon Draisaitl.
4:33 of 2nd period - Goal by Leon Draisaitl - SALEM BLACK JAYS : 2 - COLORADO GLACIERCATS : 3.
4:34 of 2nd period - Dylan Larkin wins face-off versus Jamie Benn in neutral zone.
4:41 of 2nd period - Shot by Mikko Rantanen.
4:41 of 2nd period - Shot Misses the Net.
4:43 of 2nd period - Shot by Dylan Larkin.
4:43 of 2nd period - Shot Misses the Net.
6:53 of 2nd period - Shot by Barrett Hayton.
6:53 of 2nd period - Deflect By Mathew Barzal.
6:53 of 2nd period - Stopped by Andrei Vasilevskiy with a rebound.
7:01 of 2nd period - Shot by Barrett Hayton.
7:01 of 2nd period - Shot Hit the Post.
7:29 of 2nd period - Shot by Theodor Blueger.
7:29 of 2nd period - Shot Misses the Net.
7:31 of 2nd period - Shot by Cole Smith.
7:31 of 2nd period - Goal by Cole Smith - SALEM BLACK JAYS : 3 - COLORADO GLACIERCATS : 3.
7:32 of 2nd period - Dylan Larkin wins face-off versus Alexander Wennberg in neutral zone.
7:50 of 2nd period - Icing by Dylan Samberg.
7:51 of 2nd period - Alexander Wennberg wins face-off versus Dylan Cozens in COLORADO GLACIERCATS zone.
8:49 of 2nd period - Shot by Mikko Rantanen.
8:49 of 2nd period - Shot Blocked by Dylan Samberg.
8:51 of 2nd period - Shot by Colton Parayko.
8:51 of 2nd period - Shot Misses the Net.
9:09 of 2nd period - Shot by Mikko Rantanen.
9:09 of 2nd period - Shot Misses the Net.
9:42 of 2nd period - Icing by Alexander Wennberg.
9:43 of 2nd period - Barrett Hayton wins face-off versus Alexander Wennberg in COLORADO GLACIERCATS zone.
9:46 of 2nd period - Shot by Mathew Barzal.
9:46 of 2nd period - Stopped by Andrei Vasilevskiy without a rebound.
9:47 of 2nd period - Barrett Hayton wins face-off versus Leon Draisaitl in COLORADO GLACIERCATS zone.
9:54 of 2nd period - Icing by Tomas Hertl.
9:55 of 2nd period - Leon Draisaitl wins face-off versus Dylan Cozens in COLORADO GLACIERCATS zone.
10:03 of 2nd period - Off-side.
10:04 of 2nd period - Leon Draisaitl wins face-off versus Dylan Cozens in neutral zone.
10:55 of 2nd period - Icing by Devon Toews.
10:56 of 2nd period - Leon Draisaitl wins face-off versus Dylan Larkin in COLORADO GLACIERCATS zone.
11:02 of 2nd period - Lane Hutson is hit by Jan Rutta and loses puck.
11:42 of 2nd period - Shot by Tage Thompson.
11:42 of 2nd period - Shot Misses the Net.
11:54 of 2nd period - Shot by Mats Zuccarello.
11:54 of 2nd period - Shot Misses the Net.
11:56 of 2nd period - Shot by Mats Zuccarello.
11:56 of 2nd period - Stopped by Juuse Saros without a rebound.
11:57 of 2nd period - Barrett Hayton wins face-off versus Sidney Crosby in SALEM BLACK JAYS zone.
12:18 of 2nd period - Shot by Sidney Crosby.
12:18 of 2nd period - Shot Misses the Net.
12:20 of 2nd period - Shot by Jamie Oleksiak.
12:20 of 2nd period - Shot Blocked by Matthew Grzelcyk.
12:22 of 2nd period - Shot by Dylan Samberg.
12:22 of 2nd period - Shot Misses the Net.
13:06 of 2nd period - Shot by Dylan Cozens.
13:06 of 2nd period - Stopped by Andrei Vasilevskiy without a rebound.
13:07 of 2nd period - Leon Draisaitl wins face-off versus Theodor Blueger in COLORADO GLACIERCATS zone.
13:46 of 2nd period - Shot by Bryan Rust.
13:46 of 2nd period - Deflect By Leon Draisaitl.
13:46 of 2nd period - Shot Misses the Net.
13:48 of 2nd period - Shot by Bryan Rust.
13:48 of 2nd period - Goal by Bryan Rust - SALEM BLACK JAYS : 3 - COLORADO GLACIERCATS : 4.
13:49 of 2nd period - Alexander Wennberg wins face-off versus Dylan Cozens in neutral zone.
14:06 of 2nd period - Shot by Jamie Benn.
14:06 of 2nd period - Shot Misses the Net.
14:36 of 2nd period - Shot by Martin Necas.
14:36 of 2nd period - Shot Misses the Net.
15:10 of 2nd period - Shot by Dylan Larkin.
15:10 of 2nd period - Shot Misses the Net.
15:28 of 2nd period - Shot by Bryan Rust.
15:28 of 2nd period - Shot Misses the Net.
15:30 of 2nd period - Shot by Devon Toews.
15:30 of 2nd period - Shot Misses the Net.
15:32 of 2nd period - Shot by Devon Toews.
15:32 of 2nd period - Shot Blocked by Jan Rutta.
15:42 of 2nd period - Shot by Bryan Rust.
15:42 of 2nd period - Deflect By Tomas Hertl.
15:42 of 2nd period - Stopped by Juuse Saros without a rebound.
15:43 of 2nd period - Sidney Crosby wins face-off versus Mathew Barzal in SALEM BLACK JAYS zone.
15:51 of 2nd period - Minor Penalty to Jamie Oleksiak for Hooking.
15:52 of 2nd period - Dylan Cozens wins face-off versus Christian Dvorak in COLORADO GLACIERCATS zone.
15:55 of 2nd period - Shot by Kirill Kaprizov.
15:55 of 2nd period - Stopped by Andrei Vasilevskiy without a rebound.
15:56 of 2nd period - Dylan Cozens wins face-off versus Alexander Wennberg in COLORADO GLACIERCATS zone.
16:02 of 2nd period - Shot by Kirill Kaprizov.
16:02 of 2nd period - Goal by Kirill Kaprizov - SALEM BLACK JAYS : 4 - COLORADO GLACIERCATS : 4.
16:03 of 2nd period - Sidney Crosby wins face-off versus Dylan Cozens in neutral zone.
16:12 of 2nd period - Shot by Martin Necas.
16:12 of 2nd period - Shot Misses the Net.
16:45 of 2nd period - Shot by Blake Coleman.
16:45 of 2nd period - Shot Misses the Net.
17:06 of 2nd period - Shot by Dylan Larkin.
17:06 of 2nd period - Shot Misses the Net.
17:31 of 2nd period - Shot by Mikko Rantanen.
17:31 of 2nd period - Shot Misses the Net.
17:33 of 2nd period - Shot by Dylan Larkin.
17:33 of 2nd period - Shot Blocked by Lane Hutson.
17:35 of 2nd period - Shot by Cody Ceci.
17:35 of 2nd period - Shot Blocked by Sidney Crosby.
17:54 of 2nd period - Off-side.
17:55 of 2nd period - Leon Draisaitl wins face-off versus Barrett Hayton in neutral zone.
17:58 of 2nd period - Barrett Hayton is hit by Tomas Hertl.
18:44 of 2nd period - Jan Rutta is hit by Bryan Rust and loses puck.
19:18 of 2nd period - Keegan Kolesar and Dylan Cozens fight to a draw.
19:18 of 2nd period - Penalty to Keegan Kolesar for Fighting.
19:18 of 2nd period - Penalty to Dylan Cozens for Fighting.
19:18 of 2nd period - Penalty to Dylan Cozens for instigated a fight.
19:18 of 2nd period - Dylan Cozens is ejected from game.
19:19 of 2nd period - Sidney Crosby wins face-off versus Blake Coleman in SALEM BLACK JAYS zone.
19:20 of 2nd period - Shot by Leon Draisaitl.
19:20 of 2nd period - Stopped by Juuse Saros with a rebound.
19:28 of 2nd period - Shot by Martin Necas.
19:28 of 2nd period - Stopped by Andrei Vasilevskiy without a rebound.
19:29 of 2nd period - Tomas Hertl wins face-off versus Blake Coleman in COLORADO GLACIERCATS zone.
19:52 of 2nd period - Icing by Rasmus Andersson.
19:53 of 2nd period - Tomas Hertl wins face-off versus Blake Coleman in COLORADO GLACIERCATS zone.
Goals for this period are 2 for SALEM BLACK JAYS vs 2 for COLORADO GLACIERCATS.
Shots for this period are 8 for SALEM BLACK JAYS vs 7 for COLORADO GLACIERCATS.

3rd period


0:01 of 3rd period - Sidney Crosby wins face-off versus Blake Coleman in neutral zone.
0:30 of 3rd period - Shot by Leon Draisaitl.
0:30 of 3rd period - Shot Blocked by Matthew Grzelcyk.
2:15 of 3rd period - Off-side.
2:16 of 3rd period - Sidney Crosby wins face-off versus Barrett Hayton in neutral zone.
2:49 of 3rd period - Shot by Mats Zuccarello.
2:49 of 3rd period - Deflect By Sidney Crosby.
2:49 of 3rd period - Stopped by Juuse Saros with a rebound.
3:16 of 3rd period - Shot by Bryan Rust.
3:16 of 3rd period - Deflect By Tomas Hertl.
3:16 of 3rd period - Shot Blocked by Barrett Hayton.
3:18 of 3rd period - Shot by Jamie Oleksiak.
3:18 of 3rd period - Shot Misses the Net.
3:20 of 3rd period - Shot by Dylan Samberg.
3:20 of 3rd period - Shot Misses the Net.
3:22 of 3rd period - Shot by Tomas Hertl.
3:22 of 3rd period - Deflect By Leon Draisaitl.
3:22 of 3rd period - Stopped by Juuse Saros without a rebound.
3:23 of 3rd period - Alexander Wennberg wins face-off versus Dylan Larkin in SALEM BLACK JAYS zone.
3:27 of 3rd period - Leon Draisaitl is hit by Cody Ceci and loses puck.
3:30 of 3rd period - Shot by Alexander Wennberg.
3:30 of 3rd period - Shot Misses the Net.
3:47 of 3rd period - Dylan Larkin is hit by Erik Karlsson and loses puck.
4:14 of 3rd period - Blake Coleman is hit by Sidney Crosby and loses puck.
4:22 of 3rd period - Sidney Crosby is hit by Joshua Morrissey and loses puck.
4:29 of 3rd period - Shot by Sidney Crosby.
4:29 of 3rd period - Stopped by Juuse Saros without a rebound.
4:30 of 3rd period - Leon Draisaitl wins face-off versus Theodor Blueger in SALEM BLACK JAYS zone.
4:41 of 3rd period - Shot by Bryan Rust.
4:41 of 3rd period - Shot Misses the Net.
4:43 of 3rd period - Shot by Dylan Samberg.
4:43 of 3rd period - Shot Misses the Net.
5:37 of 3rd period - Shot by Jamie Benn.
5:37 of 3rd period - Shot Misses the Net.
6:17 of 3rd period - Devon Toews is hit by Mathew Barzal and loses puck.
6:32 of 3rd period - Shot by Mats Zuccarello.
6:32 of 3rd period - Shot Misses the Net.
6:34 of 3rd period - Shot by Mats Zuccarello.
6:34 of 3rd period - Shot Blocked by Danton Heinen.
6:36 of 3rd period - Shot by Rasmus Andersson.
6:36 of 3rd period - Stopped by Juuse Saros without a rebound.
6:37 of 3rd period - Sidney Crosby wins face-off versus Dylan Larkin in SALEM BLACK JAYS zone.
6:38 of 3rd period - Shot by Tage Thompson.
6:38 of 3rd period - Shot Hit the Post.
6:48 of 3rd period - Shot by Sidney Crosby.
6:48 of 3rd period - Shot Misses the Net.
7:04 of 3rd period - Shot by Sidney Crosby.
7:04 of 3rd period - Stopped by Juuse Saros without a rebound.
7:05 of 3rd period - Leon Draisaitl wins face-off versus Theodor Blueger in SALEM BLACK JAYS zone.
7:17 of 3rd period - Shot by Leon Draisaitl.
7:17 of 3rd period - Shot Misses the Net.
7:29 of 3rd period - Shot by Cole Smith.
7:29 of 3rd period - Shot Misses the Net.
7:35 of 3rd period - Shot by Cole Smith.
7:35 of 3rd period - Shot Misses the Net.
7:37 of 3rd period - Shot by Jan Rutta.
7:37 of 3rd period - Stopped by Andrei Vasilevskiy without a rebound.
7:38 of 3rd period - Dylan Larkin wins face-off versus Sidney Crosby in COLORADO GLACIERCATS zone.
7:53 of 3rd period - Shot by Mats Zuccarello.
7:53 of 3rd period - Stopped by Juuse Saros without a rebound.
7:54 of 3rd period - Alexander Wennberg wins face-off versus Mathew Barzal in SALEM BLACK JAYS zone.
7:54 of 3rd period - Alexander Wennberg is hit by Matthew Grzelcyk.
7:59 of 3rd period - Jamie Benn is hit by Colton Parayko and loses puck.
8:05 of 3rd period - Minor Penalty to Colton Parayko for Hooking.
8:06 of 3rd period - Sidney Crosby wins face-off versus Blake Coleman in SALEM BLACK JAYS zone.
8:31 of 3rd period - Shot by Sidney Crosby.
8:31 of 3rd period - Stopped by Juuse Saros without a rebound.
8:32 of 3rd period - Tomas Hertl wins face-off versus Blake Coleman in SALEM BLACK JAYS zone.
8:50 of 3rd period - Shot by Erik Karlsson.
8:50 of 3rd period - Shot Misses the Net.
8:52 of 3rd period - Shot by Devon Toews.
8:52 of 3rd period - Shot Blocked by Matthew Grzelcyk.
9:21 of 3rd period - Shot by Devon Toews.
9:21 of 3rd period - Shot Hit the Post.
12:47 of 3rd period - Shot by Martin Necas.
12:47 of 3rd period - Stopped by Andrei Vasilevskiy without a rebound.
12:48 of 3rd period - Sidney Crosby wins face-off versus Dylan Larkin in COLORADO GLACIERCATS zone.
13:07 of 3rd period - Tage Thompson is hit by Kirill Kaprizov and loses puck.
13:22 of 3rd period - Shot by Sidney Crosby.
13:22 of 3rd period - Shot Misses the Net.
13:48 of 3rd period - Shot by Blake Coleman.
13:48 of 3rd period - Stopped by Andrei Vasilevskiy without a rebound.
13:49 of 3rd period - Tomas Hertl wins face-off versus Theodor Blueger in COLORADO GLACIERCATS zone.
14:22 of 3rd period - Shot by Tomas Hertl.
14:22 of 3rd period - Shot Misses the Net.
14:24 of 3rd period - Shot by Devon Toews.
14:24 of 3rd period - Stopped by Juuse Saros without a rebound.
14:25 of 3rd period - Sidney Crosby wins face-off versus Mathew Barzal in SALEM BLACK JAYS zone.
14:26 of 3rd period - Shot by Rasmus Andersson.
14:26 of 3rd period - Shot Misses the Net.
15:27 of 3rd period - Shot by Tomas Hertl.
15:27 of 3rd period - Stopped by Juuse Saros without a rebound.
15:28 of 3rd period - Leon Draisaitl wins face-off versus Kirill Kaprizov in SALEM BLACK JAYS zone.
15:55 of 3rd period - Shot by Dylan Larkin.
15:55 of 3rd period - Stopped by Andrei Vasilevskiy without a rebound.
15:56 of 3rd period - Cole Smith wins face-off versus Alexander Wennberg in COLORADO GLACIERCATS zone.
16:17 of 3rd period - Shot by Alexander Wennberg.
16:17 of 3rd period - Stopped by Juuse Saros without a rebound.
16:18 of 3rd period - Dylan Larkin wins face-off versus Sidney Crosby in SALEM BLACK JAYS zone.
16:45 of 3rd period - Shot by Tage Thompson.
16:45 of 3rd period - Stopped by Juuse Saros without a rebound.
16:46 of 3rd period - Leon Draisaitl wins face-off versus Mathew Barzal in SALEM BLACK JAYS zone.
17:05 of 3rd period - Shot by Martin Necas.
17:05 of 3rd period - Shot Misses the Net.
17:07 of 3rd period - Shot by Martin Necas.
17:07 of 3rd period - Stopped by Andrei Vasilevskiy without a rebound.
17:08 of 3rd period - Tage Thompson wins face-off versus Dylan Larkin in COLORADO GLACIERCATS zone.
17:08 of 3rd period - Mats Zuccarello is hit by Kirill Kaprizov and loses puck.
17:35 of 3rd period - Shot by Mikko Rantanen.
17:35 of 3rd period - Stopped by Andrei Vasilevskiy with a rebound.
17:57 of 3rd period - Shot by Mikko Rantanen.
17:57 of 3rd period - Deflect By Kirill Kaprizov.
17:57 of 3rd period - Shot Misses the Net.
18:29 of 3rd period - Shot by Leon Draisaitl.
18:29 of 3rd period - Shot Misses the Net.
19:13 of 3rd period - Shot by Leon Draisaitl.
19:13 of 3rd period - Shot Misses the Net.
Goals for this period are 0 for SALEM BLACK JAYS vs 0 for COLORADO GLACIERCATS.
Shots for this period are 6 for SALEM BLACK JAYS vs 11 for COLORADO GLACIERCATS.

Overtime #1


0:01 of 1st overtime period - Sidney Crosby wins face-off versus Mikko Rantanen in neutral zone.
0:22 of 1st overtime period - Shot by Sidney Crosby.
0:22 of 1st overtime period - Stopped by Juuse Saros without a rebound.
0:23 of 1st overtime period - Sidney Crosby wins face-off versus Mikko Rantanen in SALEM BLACK JAYS zone.
0:24 of 1st overtime period - Shot by Lane Hutson.
0:24 of 1st overtime period - Goal by Lane Hutson - SALEM BLACK JAYS : 4 - COLORADO GLACIERCATS : 5.
Goals for this period are 0 for SALEM BLACK JAYS vs 1 for COLORADO GLACIERCATS.
Shots for this period are 0 for SALEM BLACK JAYS vs 2 for COLORADO GLACIERCATS.


MACKLIN
CELEBRINI
NATHAN
MACKINNON
TAYLOR
HALL